 Dungeon Crawl Stone Soup version 0.19.1-1-g22dce08 (webtiles) character file.

172 Alarkh the Chopper (level 5, -4/41 HPs)
             Began as a Demonspawn Monk on Jan 12, 2017.
             Slain by Grinder (6 damage)
             ... on level 3 of the Dungeon.
             The game lasted 00:04:38 (3539 turns).

Alarkh the Chopper (Demonspawn Monk)                Turns: 3539, Time: 00:04:38

Health: -4/41      AC:  8    Str: 14    XL:     5   Next: 27%
Magic:  5/5        EV: 18    Int: 17    God:
Gold:   79         SH:  0    Dex: 20    Spells: 0 memorised, 4 levels left

rFire  . . .     SeeInvis .     a - +0 hand axe
rCold  + . .     Gourm    .     b - +0 robe
rNeg   . . .     Faith    .     (no shield)
rPois  .         Spirit   .     (no helmet)
rElec  .         Reflect  .     (no cloak)
rCorr  .         Harm     .     (no gloves)
MR     .....                    (no boots)
Stlth  ++++......               (no amulet)
                                (no ring)
                                j - +2 ring of strength

@: brilliant, agile, sanguine armour
A: cold resistance 1, nightstalker 1, sanguine armour 1
a: no special abilities


You were on level 3 of the Dungeon.
You were not hungry.

You visited 1 branch of the dungeon, and saw 3 of its levels.

You collected 79 gold pieces.

Inventory:

Hand Weapons
 a - a +0 hand axe (weapon)
Armour
 b - a +0 robe (worn)
Jewellery
 j - a +2 ring of strength (left hand)
 m - an uncursed ring of teleportation
 o - a +4 ring of intelligence
Scrolls
 d - a scroll of magic mapping
 e - a scroll of identify
 h - a scroll of recharging {unknown}
 i - a scroll of remove curse
 l - 2 scrolls of teleportation
 p - a scroll of fear {unknown}
 r - a scroll of amnesia {unknown}
 y - a scroll of fog {unknown}
Potions
 f - a potion of mutation
Comestibles
 c - 3 bread rations
 s - 5 fruits
 t - 5 chunks of flesh
 u - a meat ration
 w - a beef jerky
 x - a royal jelly


   Skills:
 - Level 3.0 Fighting
 + Level 5.5 Axes
 - Level 2.6 Dodging
 - Level 1.7 Stealth


You had 4 spell levels left.
You didn't know any spells.

Dungeon Overview and Level Annotations

Branches:
Dungeon (3/15)

Altars:
Qazlal

Annotations:
D:3 Grinder


Innate Abilities, Weirdness & Mutations

Your flesh is cold resistant. (rC+)
You are slightly more attuned to the shadows.
When seriously injured, your bleeding wounds create armour. (AC +6)


Message History

You feel much better. Grinder completely misses you.
You hit Grinder.
Grinder is moderately wounded.
Grinder hits you.
You writhe in agony.
You hit Grinder but do no damage.
Grinder is moderately wounded.
Grinder blinks!
You closely miss Grinder.
Grinder is moderately wounded.
Grinder hits you.
You writhe in agony.
* * * LOW HITPOINT WARNING * * *
You barely miss Grinder.
Grinder is moderately wounded.
Grinder hits you but does no damage.
You hit Grinder.
Grinder is moderately wounded.
Grinder hits you!
* * * LOW HITPOINT WARNING * * *
You writhe in agony.
You die...

## .##############
.#.........>..######
.#..<..............####
.......................
........#####.......... ........#
#...@...... ÷.......# ##..5......
#######.# #......... #######
......#.# ############ #......
......#.# #..........# #......
......#.# #..........# #......
.._...^.######..........###......
......#.......................>..
.)....#................÷.........


You could see Grinder.

Vanquished Creatures
  3 gnolls (D:2)
  4 adders
  An ooze (D:1)
  6 worms (D:2)
  4 dart slugs
  2 leopard geckos
  4 orcs (D:3)
  A ball python (D:3)
  5 giant cockroaches
  A goblin (D:1)
  8 hobgoblins
  4 jackals (D:3)
  9 kobolds
  A quokka (D:2)
  12 bats
  3 frilled lizards
  7 rats
75 creatures vanquished.

Notes
Turn   | Place    | Note
-------+----------+-------------------------------------------
     0 | D:1      | Alarkh the Demonspawn Monk began the quest for the Orb.
     0 | D:1      | Reached XP level 1. HP: 18/18 MP: 1/1
   192 | D:1      | Reached skill level 3 in Axes
   205 | D:1      | Gained mutation: You are slightly more attuned to the shadows. [demonic ancestry]
   205 | D:1      | Reached XP level 2. HP: 18/24 MP: 2/2
   812 | D:1      | Gained mutation: When seriously injured, your bleeding wounds create armour. (AC +6) [demonic ancestry]
   812 | D:1      | Reached XP level 3. HP: 29/29 MP: 3/3
  1171 | D:2      | Reached skill level 4 in Axes
  1923 | D:2      | Gained mutation: Your flesh is cold resistant. (rC+) [demonic ancestry]
  1923 | D:2      | Reached XP level 4. HP: 16/35 MP: 4/4
  2486 | D:2      | Reached skill level 5 in Axes
  2942 | D:2      | Reached XP level 5. HP: 22/41 MP: 5/5
  3169 | D:3      | Found a stormy altar of Qazlal.
  3504 | D:3      | Noticed Grinder
  3539 | D:3      | HP: 2/41 [Grinder (8)]
  3539 | D:3      | Slain by Grinder

Skill      XL: |  1  2  3  4 |
---------------+-------------+-----
Axes           | 3 4 5 |  5.5
Fighting       | |  3.0
Dodging        | |  2.6
Stealth        | |  1.7

Action                   |  1- 3 |  4- 6 || total
-------------------------+-------+-------++-------
Melee: Hand axe          |   209 |   144 ||   353
  Use: Scroll            |     5 |     1 ||     6
       Potion            |       |     6 ||     6
 Stab: Sleeping          |    14 |     4 ||    18
  Eat: Chunk             |     4 |     5 ||     9
Armor: Robe              |    51 |    38 ||    89
Dodge: Dodged            |   136 |    95 ||   231
